 Dungeon Crawl Stone Soup version 0.23.1 (webtiles) character file.

Game seed: 7634693166834920860

39493 Kniotic the Bludgeoner (level 13, -7/159 HPs)
             Began as a Demonspawn Monk on Mar 5, 2019.
             Was the Champion of Cheibriados.
             Mangled by a death yak (12 damage)
             ... on level 6 of the Lair of Beasts.
             The game lasted 00:38:45 (17817 turns).

Kniotic the Bludgeoner (Demonspawn Monk)           Turns: 17817, Time: 00:38:46

Health: -7/159     AC: 26    Str: 31    XL:     13   Next: 69%
Magic:  0/16       EV:  2    Int: 26    God:    Cheibriados [******]
Gold:   506        SH:  0    Dex: 40    Spells: 12/12 levels left

rFire    . . .     SeeInvis +   f - +5 mace of Parphuorr {freeze, rElec Dex+3}
rCold    . . .     Gourm    .   (no shield)
rNeg     + + +     Faith    .   (armour currently unavailable)
rPois    +         Spirit   +   (helmet unavailable)
rElec    +         Reflect  .   (cloak currently unavailable)
rCorr    .         Harm     .   (gloves currently unavailable)
MR       .....     NoTele   +   (boots currently unavailable)
Stlth    +++.......             C - amulet of magic regeneration
HPRegen  0.36/turn              y - ring of see invisible
MPRegen  0.55/turn              j - +5 ring of dexterity

@: tree-form, very slightly contaminated, invisible, very slow
A: demonic guardian 1, magic shield, magic regeneration
a: Bend Time, Temporal Distortion, Slouch, Step From Time, Renounce Religion


You were on level 6 of the Lair of Beasts.
You worshipped Cheibriados.
Cheibriados was exalted by your worship.
You were not hungry.
You were a tree.
You visited 3 branches of the dungeon, and saw 17 of its levels.

You collected 627 gold pieces.
You spent 121 gold pieces at shops.

Inventory:

Hand Weapons
 f - the +5 mace of Parphuorr (weapon) {freeze, rElec Dex+3}
   (You found it on level 8 of the Dungeon)

   It has been specially enchanted to freeze those struck by it, causing extra
   injury to most foes and up to half again as much damage against particularly
   susceptible opponents.
   It can also slow down cold-blooded creatures.
   It affects your dexterity (+3).
   It insulates you from electricity.
 g - a +0 flail of venom
Armour
 d - a +0 pair of gloves (melded)
 e - a +0 cloak of invisibility (melded)
 i - a +2 leather armour of cold resistance
 p - the +3 ring mail of Jegoschoadu (melded) {Regen+ Int+5}
   (You took it off a gnoll sergeant on level 6 of the Dungeon)

   It affects your intelligence (+5).
   It increases your rate of regeneration.
 q - a +0 pair of boots (melded)
Jewellery
 a - an uncursed ring of protection from magic {unknown}
 j - a +5 ring of dexterity (right branch)
 n - an uncursed ring of resist corrosion
 y - a ring of see invisible (left branch)
 C - an amulet of magic regeneration (around neck)
 F - a +4 ring of intelligence
Wands
 B - a wand of acid (12)
 D - a wand of disintegration (6)
 G - a wand of clouds (5)
 I - a wand of flame (21)
 J - a wand of iceblast (11)
Scrolls
 h - 3 scrolls of enchant armour
 k - a scroll of random uselessness {unknown}
 l - a scroll of vulnerability {unknown}
 s - 4 scrolls of enchant weapon
 t - 7 scrolls of identify
 w - a scroll of magic mapping
 x - a scroll of noise {unknown}
 z - a scroll of amnesia
 A - 2 scrolls of remove curse
 E - a scroll of fog {unknown}
Potions
 c - 2 potions of flight
 m - a potion of curing
 r - 2 potions of mutation
 u - 2 potions of brilliance
 v - a potion of agility
 H - 2 potions of lignification
Comestibles
 b - 28 rations


   Skills:
 + Level 11.6 Fighting
 - Level 16.7 Maces & Flails
 + Level 10.3 Armour
 - Level 2.6 Dodging
 - Level 1.7 Stealth
 - Level 4.2 Unarmed Combat
 + Level 4.1 Invocations


You had 12 spell levels left.
You didn't know any spells.
Your spell library contained the following spells:

 Spells                   Type           Power        Failure   Level  Hunger
 Corona                   Hex            #......      13%         1    ##.....
 Infusion                 Chrm           #...         13%         1    ##.....
 Shock                    Conj/Air       #...         13%         1    ##.....
 Ensorcelled Hibernation  Hex/Ice        #.....       19%         2    ###....
 Shroud of Golubria       Chrm/Tloc      #.........   19%         2    ###....
 Song of Slaying          Chrm           #.......     19%         2    ###....
 Swiftness                Chrm/Air       #.......     19%         2    ###....
 Confuse                  Hex            #.......     36%         3    ####...
 Dazzling Spray           Conj/Hex       #.....       36%         3    ####...
 Regeneration             Chrm/Necr      #.........   36%         3    ####...
 Spectral Weapon          Hex/Chrm       #.......     36%         3    ####...
 Static Discharge         Conj/Air       #.......     36%         3    ####...
 Tukima's Dance           Hex            #.......     36%         3    ####...
 Airstrike                Air            #.........   77%         4    #####..
 Lightning Bolt           Conj/Air       #.........   98%         5    ######.


Dungeon Overview and Level Annotations

Branches:
Dungeon (10/15)            Temple (1/1) D:5            Lair (6/6) D:10
 Shoals (0/4) Lair:3        Snake (0/4) Lair:2          Orc (0/2) D:9
  Slime: Lair:5-6

Altars:
Ashenzari
Cheibriados
Dithmenos
Elyvilon
Fedhas
Gozag
Hepliaklqana
Kikubaaqudgha
Makhleb
Nemelex Xobeh
Okawaru
Qazlal
Ru
Sif Muna
Trog
Uskayaw
Vehumet
Wu Jian
Xom
Yredelemnul
Zin
The Shining One
Lugonu

Shops:
D:6 :   D:10 }?

Annotations:
D:6 1 transporter, SharpKris's ghost, novice FoFi
D:8 Maurice
Lair:1 exclusion: hydra
Lair:2 Erica
Lair:5 exclusion: 4 oklob plants


Innate Abilities, Weirdness & Mutations

((You have a pair of large horns on your head.))
A weak demonic guardian rushes to your aid.
When hurt, damage is shared between your health and your magic reserves.
You regenerate magic rapidly.


Message History

You hit the death yak but do no damage.
The death yak is heavily wounded.
You hear a roar!
You catch the helpless death yak completely off-guard!
You sock the death yak! You freeze the death yak.
The death yak is severely wounded.
The death yak gores you!
* * * LOW HITPOINT WARNING * * *
You hear a roar!
You catch the helpless death yak completely off-guard!
You hit the death yak but do no damage.
The death yak is severely wounded.
You hit the death yak but do no damage. You punch the death yak!
The death yak is severely wounded.
The death yak gores you!
* * * LOW HITPOINT WARNING * * *
You hit the death yak but do no damage.
The death yak is severely wounded.
The death yak gores you!
You die...

......P.....#
PP.....P....#
...........##
.........D..##
.............#
........#...#####
........###....Y#
........##...YYY##
....#.5........#♣#
.YP#..........####
.....##.......#
..Y.H##........
......##.......#
..H.Y.##........
.Y..†.###..#
Y...†††# .....P.#


You could see 4 death yaks.

Vanquished Creatures
  Nessos (Lair:4)
  Erolcha (D:9)
  Harold (D:9)
  3 hydras
  2 catoblepae (Lair:4)
  8 death yaks
  Pikel (D:8)
  3 manticores
  Joseph (D:8)
  8 elephants
  2 black mambas
  7 spiny frogs
  4 rime drakes
  4 komodo dragons
  A troll (D:9)
  A polar bear (Lair:2)
  2 hornets (D:9)
  19 hippogriffs
  4 blink frogs (Lair:6)
  A snapping turtle (Lair:3)
  A shadow (D:8)
  7 wyverns
  12 yaks
  Eustachio (D:6)
  3 basilisks
  3 nagas (Lair:2)
  9 water moccasins
  A soldier ant (D:9)
  15 porcupines
  2 black bears
  2 sky beasts
  A slave (D:8)
  2 orc warriors (D:7)
  An ice beast (D:7)
  4 ogres
  2 phantoms
  3 centaurs
  13 wolves
  10 crocodiles
  Blork the orc (D:5)
  2 big kobolds (D:9)
  13 bullfrogs
  2 gnoll sergeants (D:6)
  20 killer bees
  2 scorpions
  4 wights (D:7)
  A vampire bat (Lair:6)
  2 electric eels
  2 bullfrog zombies (D:5)
  A crimson imp (D:7)
  2 quasits
  A centaur zombie (D:6)
  5 hounds
  13 orc wizards
  3 orc priests (D:5)
  2 jellies
  2 gnoll shamans
  3 iguanas
  Natasha (D:4)
  6 worker ants
  12 hell rats
  2 hound skeletons
  2 howler monkey zombies
  12 gnolls
  A howler monkey skeleton (D:5)
  2 worker ant zombies
  4 adders
  2 river rats (Lair:6)
  4 shadow imps
  2 oozes
  4 adder skeletons
  3 adder zombies
  3 worms
  A dart slug (D:1)
  A leopard gecko (D:3)
  27 orcs
  2 ball pythons
  2 giant cockroaches
  3 goblins
  4 hobgoblins
  7 jackals
  14 kobolds
  6 quokkas
  4 bats
  2 frilled lizards
  A giant cockroach zombie (D:6)
  A jackal skeleton (D:4)
  A leopard gecko skeleton (D:5)
  2 quokka skeletons
  10 rats
395 creatures vanquished.

Vanquished Creatures (collateral kills)
  Psyche (D:8)
  A rime drake (Lair:5)
  A spiny frog (Lair:6)
  A hippogriff (Lair:4)
  A wyvern (Lair:4)
  A yak (Lair:3)
  A porcupine (D:10)
  2 sky beasts
  An ogre (D:4)
  A black bear (D:7)
  2 wolves (Lair:1)
  A bullfrog zombie (D:5)
  A jelly (D:6)
  Natasha (D:4)
  A hound zombie (D:5)
  A howler monkey zombie (D:5)
  4 gnolls (D:6)
  An adder (D:8)
  3 orcs (D:6)
26 creatures vanquished.

Vanquished Creatures (others)
  A shadow (D:8)
  A slave (D:8)
  A phantom (D:8)
  An orc priest (D:4)
  An orc wizard (D:8)
  A hound skeleton (D:8)
  An orc (D:4)
  2 bushes
  15 fungi
  22 plants
46 creatures vanquished.

Grand Total: 467 creatures vanquished

Notes
Turn   | Place    | Note
-------+----------+-------------------------------------------
     0 | D:1      | Kniotic the Demonspawn Monk began the quest for the Orb.
     0 | D:1      | Reached XP level 1. HP: 18/18 MP: 1/1
   268 | D:1      | Gained mutation: A weak demonic guardian rushes to your
                  | aid. [demonic ancestry]
   268 | D:1      | Reached XP level 2. HP: 13/24 MP: 2/2
  1014 | D:2      | Gained mutation: You have a pair of small horns on your
                  | head. [demonic ancestry]
  1014 | D:2      | Reached XP level 3. HP: 18/29 MP: 3/3
  1089 | D:2      | Noticed a sky beast
  1502 | D:2      | Killed a sky beast
  1502 | D:2      | Reached skill level 2 in Maces & Flails
  1502 | D:2      | Reached XP level 4. HP: 5/35 MP: 4/4
  1746 | D:2      | Found an iron altar of Okawaru.
  1979 | D:3      | Found a sparkling altar of Nemelex Xobeh.
  1979 | D:3      | Found an opulent altar of Gozag.
  1979 | D:3      | Found an iron altar of Okawaru.
  1979 | D:3      | Found a glowing golden altar of the Shining One.
  1979 | D:3      | Found a shattered altar of Ashenzari.
  1979 | D:3      | Found a shimmering altar of Xom.
  3080 | D:4      | Gained mutation: When hurt, damage is shared between your
                  | health and your magic reserves. [demonic ancestry]
  3080 | D:4      | Reached XP level 5. HP: 35/41 MP: 5/5
  3159 | D:4      | Reached skill level 3 in Maces & Flails
  3482 | D:4      | Noticed Natasha
  3494 | D:4      | Killed Natasha
  3522 | D:4      | Noticed an ogre
  3550 | D:4      | Killed an ogre
  3550 | D:4      | Reached skill level 4 in Maces & Flails
  3550 | D:4      | Reached XP level 6. HP: 41/47 MP: 6/6
  3658 | D:4      | Found a basalt altar of Yredelemnul.
  3667 | D:4      | Found a deep blue altar of Sif Muna.
  4074 | D:4      | Noticed Natasha
  4093 | D:4      | Killed Natasha
  4322 | D:5      | Entered Level 5 of the Dungeon
  4373 | D:5      | HP: 1/47 [bullfrog zombie (3)]
  4380 | D:5      | HP: 1/47 [bullfrog zombie (1)]
  4693 | D:5      | Reached skill level 5 in Maces & Flails
  4998 | D:5      | Reached XP level 7. HP: 39/52 MP: 5/7
  5105 | D:5      | Found a staircase to the Ecumenical Temple.
  5118 | Temple   | Entered the Ecumenical Temple
  5255 | D:5      | Reached skill level 6 in Maces & Flails
  5422 | D:5      | Found a radiant altar of Vehumet.
  5422 | D:5      | Found a bloodstained altar of Trog.
  5683 | D:5      | Noticed Blork the orc
  5714 | D:5      | Killed Blork the orc
  5714 | D:5      | Reached skill level 7 in Maces & Flails
  6195 | D:5      | Reached XP level 8. HP: 48/58 MP: 6/8
  6309 | D:6      | Reached skill level 8 in Maces & Flails
  6341 | D:6      | Found a stormy altar of Qazlal.
  6381 | D:6      | Found a snail-covered altar of Cheibriados.
  6421 | D:6      | Became a worshipper of Cheibriados the Contemplative
  6421 | D:6      | Reached * piety under Cheibriados
  6421 | D:6      | Reached ** piety under Cheibriados
  6435 | D:6      | Noticed a manticore
  6442 | D:6      | HP: 2/58 [orc (3)]
  6795 | D:6      | Was placed under penance by Cheibriados
  6796 | D:6      | Killed a manticore
  6796 | D:6      | Reached skill level 9 in Maces & Flails
  7034 | D:6      | Was forgiven by Cheibriados
  7120 | D:6      | Found a burning altar of Makhleb.
  7121 | D:6      | Found a glowing silver altar of Zin.
  7121 | D:6      | Noticed an angel
  7121 | D:6      | Noticed Eustachio
  7122 | D:6      | Noticed a blizzard demon
  7129 | D:6      | Killed Eustachio
  7129 | D:6      | Reached skill level 10 in Maces & Flails
  7246 | D:6      | Found Wanithoh's Book Shoppe.
  7419 | D:6      | Found a transporter.
  7419 | D:6      | Identified the +3 ring mail of Jegoschoadu {Regen+ Int+5}
  7425 | D:6      | Found a transporter.
  7596 | D:6      | Noticed SharpKris's ghost (novice FoFi)
  7642 | D:6      | Gained mutation: You have a pair of horns on your head.
                  | [demonic ancestry]
  7642 | D:6      | Reached XP level 9. HP: 36/63 MP: 5/9
  7654 | D:6      | Reached skill level 11 in Maces & Flails
  8169 | D:7      | Reached skill level 12 in Maces & Flails
  8179 | D:7      | Reached *** piety under Cheibriados
  8212 | D:7      | Found a hazy altar of Hepliaklqana.
  8213 | D:7      | Found a shimmering altar of Xom.
  8213 | D:7      | Noticed a hell beast
  8214 | D:7      | Noticed a spectral ugly thing
  8214 | D:7      | Noticed a hell beast
  8398 | D:7      | Reached skill level 13 in Maces & Flails
  8564 | D:7      | Reached **** piety under Cheibriados
  8817 | D:7      | Reached skill level 14 in Maces & Flails
  9035 | D:8      | Noticed Maurice
  9035 | D:8      | Noticed Joseph
  9217 | D:8      | Reached XP level 10. HP: 67/70 MP: 8/10
  9279 | D:8      | Got a crude mace
  9279 | D:8      | Noticed Pikel
  9295 | D:8      | Killed Pikel
  9297 | D:8      | Identified the +5 mace of Parphuorr {freeze, rElec Dex+3}
                  | (You found it on level 8 of the Dungeon)
  9313 | D:8      | Noticed Psyche
  9340 | D:8      | Killed Psyche
  9582 | D:8      | Killed Joseph
  9582 | D:8      | Reached skill level 15 in Maces & Flails
  9620 | D:8      | Found an ornate altar of the Wu Jian Council.
 10084 | D:8      | Found an ornate altar of the Wu Jian Council.
 10239 | D:9      | Reached ***** piety under Cheibriados
 10249 | D:9      | Found a staircase to the Orcish Mines.
 10292 | D:9      | Noticed Harold
 10306 | D:9      | Killed Harold
 10483 | D:9      | Noticed Erolcha
 10494 | D:9      | Killed Erolcha
 10494 | D:9      | Reached skill level 16 in Maces & Flails
 10619 | D:9      | Gained mutation: You have a pair of large horns on your
                  | head. [demonic ancestry]
 10619 | D:9      | Reached XP level 11. HP: 63/75 MP: 9/11
 10638 | D:9      | Paralysed by a hornet for 1 turns
 10643 | D:9      | Paralysed by a hornet for 1 turns
 10830 | D:9      | Found a shadowy altar of Dithmenos.
 10962 | D:10     | Entered Level 10 of the Dungeon
 11090 | D:10     | Found a staircase to the Lair.
 11153 | D:10     | Found Iphutt's Gadget Boutique.
 11260 | D:10     | Found a radiant altar of Vehumet.
 11352 | D:10     | Found Tegiam's Magic Scroll Emporium.
 11360 | D:10     | Bought a scroll of identify for 22 gold pieces
 11360 | D:10     | Bought a scroll of remove curse for 33 gold pieces
 11360 | D:10     | Bought a scroll of remove curse for 33 gold pieces
 11360 | D:10     | Bought a scroll of remove curse for 33 gold pieces
 11380 | D:10     | Found a deep blue altar of Sif Muna.
 11739 | Lair:1   | Entered Level 1 of the Lair of Beasts
 11749 | Lair:1   | Reached skill level 1 in Armour
 11862 | Lair:1   | Reached ****** piety under Cheibriados
 12018 | Lair:1   | Noticed a four-headed hydra
 12059 | Lair:1   | Reached skill level 5 in Fighting
 12223 | Lair:1   | Killed a four-headed hydra
 12243 | Lair:1   | Noticed a seven-headed hydra
 12507 | Lair:2   | Noticed Erica
 12676 | Lair:2   | Found a staircase to the Snake Pit.
 12702 | Lair:2   | Reached skill level 5 in Armour
 13346 | Lair:3   | Reached XP level 12. HP: 71/89 MP: 8/12
 13461 | Lair:3   | Found a staircase to the Shoals.
 13977 | Lair:4   | Noticed a four-headed hydra
 13981 | Lair:4   | Killed a four-headed hydra
 14311 | Lair:4   | Noticed a seven-headed hydra
 14319 | Lair:4   | Killed a seven-headed hydra
 14512 | Lair:4   | Found a radiant altar of Vehumet.
 14518 | Lair:4   | Noticed Nessos
 14532 | Lair:4   | Killed Nessos
 15044 | Lair:4   | Noticed a catoblepas
 15065 | Lair:4   | Noticed a catoblepas
 15068 | Lair:4   | Killed a catoblepas
 15285 | Lair:4   | Killed a catoblepas
 15491 | Lair:5   | Reached skill level 10 in Fighting
 15512 | Lair:5   | Gained mutation: You regenerate magic rapidly. [demonic
                  | ancestry]
 15512 | Lair:5   | Reached XP level 13. HP: 77/103 MP: 11/13
 16766 | Lair:6   | Entered Level 6 of the Lair of Beasts
 17377 | Lair:6   | Reached skill level 10 in Armour
 17377 | Lair:6   | Reached skill level 1 in Invocations
 17762 | Lair:6   | HP: 5/106 [black mamba (1)]
 17767 | Lair:6   | HP: 4/106 [poisoned by a black mamba]
 17816 | Lair:6   | HP: 5/159 [death yak (5)]
 17817 | Lair:6   | Mangled by a death yak

Skill      XL: |  1  2  3  4  5  6  7  8  9 10 11 12 13 |
---------------+----------------------------------------+-----
Unarmed Combat | 3 4 |  4.2
Maces & Flails | 2 4 5 7 10 14 16 | 16.7
Armour         | 5 8 10 | 10.3
Fighting       | 6 10 11 | 11.6
Invocations    | 4 |  4.1
Dodging        | |  2.6
Stealth        | |  1.7

Action                   |  1- 3 |  4- 6 |  7- 9 | 10-12 | 13-15 || total
-------------------------+-------+-------+-------+-------+-------++-------
Melee: Unarmed           |    93 |       |       |       |       ||    93
       Punch             |     1 |     3 |    11 |    19 |     4 ||    38
       Headbutt          |     4 |    29 |    92 |   182 |   106 ||   413
       Whip              |     3 |   149 |       |       |       ||   152
       Flail             |       |    16 |   329 |    18 |       ||   363
       Mace              |       |       |       |   473 |   223 ||   696
Invok: Step From Time    |       |       |       |       |     1 ||     1
 Abil: Evoke Invisibilit |       |       |       |     1 |       ||     1
Evoke: Wand              |       |       |       |     4 |     3 ||     7
  Use: Scroll            |       |     4 |    14 |     9 |     5 ||    32
       Potion            |       |     5 |     6 |       |     3 ||    14
 Stab: Sleeping          |     2 |     7 |     6 |    15 |     2 ||    32
       Invisible         |       |     2 |       |       |     8 ||    10
       Distracted        |       |       |     3 |     9 |     2 ||    14
       Petrified         |       |       |       |     1 |       ||     1
  Eat: Chunk             |     2 |     9 |     8 |    12 |     4 ||    35
       Ration            |       |       |     1 |       |       ||     1
Armor: Robe              |    27 |       |       |       |       ||    27
       Ring mail         |       |    52 |    83 |   195 |    96 ||   426
       Leather armour    |       |       |    16 |       |       ||    16
       Skin              |       |       |       |       |     2 ||     2
Dodge: Dodged            |    50 |    68 |   247 |   313 |   164 ||   842
